 Dungeon Crawl Stone Soup version 0.29.1-15-g9cfb28693d (webtiles) character file.

Game seed: 4528532089867002046

4042 Jane2 the Grappler (level 10, 0/80 HPs)
             Began as a Ghoul Gladiator on Mar 28, 2023.
             Was an Initiate of Yredelemnul.
             Slain by a killer bee (8 damage)
             ... on level 8 of the Dungeon.
             The game lasted 00:51:23 (6511 turns).

Jane2 the Grappler (Ghoul Gladiator)                Turns: 6511, Time: 00:51:24

Health: 0/80       AC: 10    Str: 23    XL:     10   Next: 24%
Magic:  9/9        EV: 12    Int:  3    God:    Yredelemnul [......]
Gold:   425        SH:  0    Dex: 16    Spells: 9/9 levels left

rFire   . . .      SeeInvis .     - Unarmed
rCold   + . .      Faith    .   (no shield)
rNeg    + + +      Spirit   .   i - +0 scale mail
rPois   ∞          Reflect  .   b - +0 helmet
rElec   .          Harm     .   (no cloak)
rCorr   .          Rampage  .   (no gloves)
Will    .....                   f - +0 pair of boots
Stlth   ..........              g - amulet of Sophism {+Inv rN+ Regen+}
HPRegen 0.00/turn               e - +6 ring of dexterity
MPRegen 0.11/turn               (no ring)

@: inhibited regen
A: claws 1, cold resistance 1, negative energy resistance 3, inhibited
regeneration, torment resistance 2, devour on kill
a: Renounce Religion, Evoke Invisibility, Recall Undead Harvest


You were on level 8 of the Dungeon.
You worshipped Yredelemnul.
Yredelemnul was noncommittal.
You visited 2 branches of the dungeon, and saw 9 of its levels.
You also visited: Ossuary.

You collected 425 gold pieces.

Inventory:

Missiles
 n - a throwing net (quivered)
Armour
 b - a +0 helmet (worn)
 f - a +0 pair of boots (worn)
 i - a +0 scale mail (worn)
Jewellery
 e - a +6 ring of dexterity (left claw)
 g - the amulet of Sophism (around neck) {+Inv rN+ Regen+}
   (You found it on level 3 of the Dungeon)

   [amulet of regeneration]

   rN:        It protects you from negative energy.
   +Inv:      It lets you turn invisible.
   Regen:     It increases your rate of health regeneration.
 t - an amulet of regeneration
Wands
 o - a wand of mindburst (14)
 y - a wand of flame (6)
Scrolls
 h - a scroll of identify
 j - a scroll of silence
 l - a scroll of fear
 m - a scroll of magic mapping
 q - a scroll of noise
 r - a scroll of poison
 s - a scroll of enchant weapon
Potions
 a - a potion of invisibility
 c - 2 potions of degeneration
 d - a potion of magic
 k - a potion of flight
 v - 2 potions of haste
 w - a potion of might
 x - 2 potions of cancellation


   Skills:
 + Level 4.9 Fighting
 - Level 1.7 Throwing
 + Level 7.0 Armour
 + Level 5.1 Dodging
 - Level 0.2 Stealth
 + Level 12.0 Unarmed Combat


You had 9 spell levels left.
You didn't know any spells.
Your spell library contained the following spells:

 Spells                   Type           Power      Damage    Failure   Level
 Magic Dart               Conj           0%         1d3       80%         1
 Searing Ray              Conj           0%         2d4       91%         2
 Conjure Flame            Conj/Fire      0%         6-21      99%         3
 Ignite Poison            Fire/Tmut/Pois 0%         N/A       99%         3
 Fulminant Prism          Conj/Hex       0%         3d6       100%        4
 Sticky Flame             Conj/Fire      0%         2d3       100%        4
 Borgnjor's Vile Clutch   Necr/Erth      0%         N/A       100%        5
 Animate Dead             Necr           Unusable   N/A       N/A         4
 Death Channel            Necr           Unusable   N/A       N/A         6

Dungeon Overview and Level Annotations

Branches:
Dungeon (8/15)             Temple (1/1) D:6         Ossuary (visited)
   Lair: D:8-11

Altars:
Ashenzari
Cheibriados
Dithmenos
Gozag
Hepliaklqana
Kikubaaqudgha
Makhleb
Nemelex Xobeh
Okawaru
Qazlal
Ru
Sif Muna
Trog
Uskayaw
Vehumet
Wu Jian
Xom
Yredelemnul


Innate Abilities, Weirdness & Mutations

You are immune to poison.
You have sharp fingernails.
Your flesh is cold resistant. (rC+)
You are immune to negative energy. (rN+++)
You do not regenerate when monsters are visible.
You are immune to unholy pain and torment.
You thrive by killing the living.


Message History

Your killer bee zombie hits the wight.
The killer bee closely misses you.
The wight barely misses your killer bee zombie.
You miss the killer bee.
Your killer bee zombie closely misses the wight.
The killer bee completely misses you. x2
Your killer bee zombie barely misses the wight.
You closely miss the killer bee. The killer bee barely misses you. x2
The wight closely misses your killer bee zombie.
Your killer bee zombie barely misses the wight.
The killer bee stings you.
* * * LOW HITPOINT WARNING * * *
The killer bee closely misses you.
You miss the killer bee.
Your killer bee zombie barely misses the wight.
The killer bee stings you but does no damage.
The killer bee stings you!
* * * LOW HITPOINT WARNING * * *
The wight hits your killer bee zombie with a +3 trident!
You closely miss the killer bee. The killer bee closely misses you.
The killer bee stings you but does no damage.
Your killer bee zombie hits the wight but does no damage.
The killer bee stings you.
* * * LOW HITPOINT WARNING * * *
The killer bee barely misses you.
Your killer bee zombie misses the wight.
The wight hits your killer bee zombie with a +3 trident.
You scratch the killer bee but do no damage.
The killer bee misses you. The killer bee closely misses you.
Your killer bee zombie hits the wight but does no damage.
The killer bee stings you but does no damage.
The wight hits your killer bee zombie with a +3 trident!
Your killer bee zombie is destroyed!
The killer bee completely misses you.
You barely miss the killer bee. The killer bee barely misses you.
The killer bee closely misses you.
You scratch the killer bee.
The killer bee is moderately wounded.
The killer bee closely misses you. The killer bee stings you!
You die...
Yredelemnul claims you as an undead slave.

......# P.P.....#
......P..
........#
........#
y......P##
.........#######..
.....P.z..@y......
.......<#.#y...#..
..................
..P...............
..................
........##.....###
..>.....# ..#..#
......#.# ..##..
...=..#.# .#


You could see 2 killer bees and a wight.

Vanquished Creatures
  A centaur warrior (D:7)
  An ugly thing (D:7)
  Edmund (D:4)
  A water moccasin (D:6)
  An orc warrior (D:7)
  3 ice beasts
  A sky beast (D:8)
  2 black bears
  3 ogres
  2 centaurs
  A phantom (D:7)
  4 elf zombies (Ossuary)
  A necrophage (D:7)
  A gnoll sergeant (D:7)
  5 scorpions
  A killer bee (D:8)
  A centaur zombie (Ossuary)
  A hound (D:4)
  An orc priest (D:7)
  A jelly (D:6)
  2 iguanas
  3 orc wizards
  An ogre zombie (D:7)
  A hound zombie (Ossuary)
  3 mummies (Ossuary)
  6 adders
  7 gnolls
  A shadow imp (D:5)
  2 white imps
  An ufetubus (D:7)
  4 adder zombies (Ossuary)
  A dart slug (D:3)
  16 orcs
  12 endoplasms
  2 giant cockroaches
  11 goblins
  8 hobgoblins
  2 jackals (D:2)
  7 kobolds
  5 quokkas
  9 ball pythons
  4 bats
  5 frilled lizards
  5 gnoll zombies (Ossuary)
  6 hobgoblin zombies (Ossuary)
  6 jackal zombies (Ossuary)
  2 kobold zombies (Ossuary)
  3 orc zombies
  3 quokka zombies (Ossuary)
  7 rats
  2 rat zombies (Ossuary)
180 creatures vanquished.

Vanquished Creatures (collateral kills)
  A water moccasin (D:5)
  An ice beast (D:7)
  2 ogres (D:5)
  An iguana (D:4)
  2 orcs (D:5)
7 creatures vanquished.

Vanquished Creatures (others)
  A water moccasin zombie (D:6)
  A black bear zombie (D:7)
  A killer bee zombie (D:8)
  An ogre zombie (D:5)
  An adder zombie (D:5)
  A spectral white imp (D:7)
  2 gnoll zombies (D:5)
  2 orc zombies
  55 fungi
  55 plants (D:8)
120 creatures vanquished.

Grand Total: 307 creatures vanquished

Notes
Turn   | Place    | Note
-------+----------+-------------------------------------------
     0 | D:1      | Jane2 the Ghoul Gladiator began the quest for the Orb.
     0 | D:1      | Reached XP level 1. HP: 17/17 MP: 0/0
   264 | D:1      | Reached XP level 2. HP: 6/24 MP: 1/1
   851 | D:1      | Reached XP level 3. HP: 29/29 MP: 2/2
  1422 | D:2      | Found a faded altar of an unknown god.
  1432 | D:2      | Reached skill level 1 in Armour
  2119 | D:2      | Reached skill level 4 in Unarmed Combat
  2183 | D:2      | Reached XP level 4. HP: 33/37 MP: 3/3
  2285 | D:3      | Identified the amulet of Sophism {+Inv rN+ Regen+}
  2466 | D:3      | Found a basalt altar of Yredelemnul.
  3002 | D:3      | Became a worshipper of Yredelemnul the Dark
  3116 | D:4      | Noticed Edmund
  3221 | D:4      | Reached XP level 5. HP: 37/42 MP: 4/4
  3338 | D:4      | Killed Edmund
  3339 | D:4      | Reached skill level 5 in Unarmed Combat
  3339 | D:4      | Reached XP level 6. HP: 44/50 MP: 5/5
  3402 | D:4      | Found a bloodstained altar of Trog.
  3485 | D:4      | Reached * piety under Yredelemnul
  3559 | D:4      | Found an opulent altar of Gozag.
  3561 | D:4      | Found a shimmering blue altar of Sif Muna.
  3701 | D:4      | Reached ** piety under Yredelemnul
  3702 | D:4      | Reached skill level 6 in Unarmed Combat
  3765 | D:4      | Reached XP level 7. HP: 56/56 MP: 6/6
  3920 | D:4      | Reached *** piety under Yredelemnul
  4078 | D:5      | Entered Level 5 of the Dungeon
  4235 | D:5      | Identified the +8 sling of Purpose {venom, rN+ Int+2}
  4257 | D:5      | Reached skill level 7 in Unarmed Combat
  4265 | D:5      | Found a sand-covered staircase.
  4311 | D:5      | Reached XP level 8. HP: 60/63 MP: 7/7
  4715 | Ossuary  | Entered an ossuary
  4803 | Ossuary  | Reached skill level 8 in Unarmed Combat
  5171 | D:6      | Reached skill level 9 in Unarmed Combat
  5229 | D:6      | Reached skill level 5 in Armour
  5255 | D:6      | Reached XP level 9. HP: 63/70 MP: 8/8
  5391 | D:6      | Reached skill level 10 in Unarmed Combat
  5396 | D:6      | Found a staircase to the Ecumenical Temple.
  5406 | Temple   | Entered the Ecumenical Temple
  6085 | D:7      | Noticed a purple ugly thing
  6105 | D:7      | Killed a purple ugly thing
  6106 | D:7      | Reached skill level 11 in Unarmed Combat
  6282 | D:7      | Noticed a centaur warrior
  6292 | D:7      | Killed a centaur warrior
  6293 | D:7      | Reached skill level 5 in Dodging
  6293 | D:7      | Reached XP level 10. HP: 64/80 MP: 9/9
  6318 | D:7      | Found a hazy altar of Hepliaklqana.
  6502 | D:8      | Reached skill level 12 in Unarmed Combat
  6511 | D:8      | Slain by a killer bee

Illustrated notes

Levels and vault maps discovered:
D:1:      lightli_arrival_lavapool, layout_basic, serial_forest,
          infiniplex_forest_clump_curved, infiniplex_forest_lined_3_way,
          infiniplex_forest_lined_corner, infiniplex_forest_straight_4
D:2:      layout_basic, hellmonk_ecumenical_altar_dog_temple
D:3:      layout_basic, mainiacjoe_overflow_alcove_1, moated_statue
D:4:      layout_cave_pods, mainiacjoe_overflow_surrounded_room,
          jmf_multi_god_temple, serial_column_ruins, column_ruins_hut,
          column_ruins_open_small, column_ruins_columns_corner,
          column_ruins_open_tiny, column_ruins_grid_1, uniq_edmund
D:5:      layout_cave_pools, nicolae_ossuary_entry_monument
D:6:      layout_cave_pools, minmay_temple_entry_statues_fountains,
          dk_noncrumbling_4
D:7:      nzn_winding_woodlands_three_and_one [nzn_winding_woodlands_5x15_pool,
          nzn_winding_woodlands_5x15_sawtooth,
          nzn_winding_woodlands_5x15_river_crossing,
          nzn_winding_woodlands_center_diamonds], layout_cave_pools,
          mainiacjoe_overflow_boulevard, serial_gnoll_camp, gnoll_camp_mini_hut,
          gnoll_camp_mini_hut, gnoll_camp_mini_doghouse,
          chequers_serial_rivers_micro_c
D:8:      layout_rooms, old_standard_altar, due_lair_maze_entry_diamond,
          uniq_erica
Temple:   nicolae_temple_superstar

Skill      XL: |  1  2  3  4  5  6  7  8  9 10 |
---------------+-------------------------------+-----
Dodging        | 3 4 5 |  5.1
Armour         | 1 2 3 4 5 6 7 |  7.0
Unarmed Combat | 4 5 6 7 9 11 12 | 12.0
Fighting       | 3 4 |  4.9
Throwing       | |  1.7
Stealth        | |  0.2

Action                   |  1- 3 |  4- 6 |  7- 9 | 10-12 || total
-------------------------+-------+-------+-------+-------++-------
Melee: Unarmed           |   133 |   128 |   296 |    45 ||   602
       Punch             |     3 |     4 |    17 |     5 ||    29
Invok: Dark Bargain      |       |       |     1 |       ||     1
  Use: Scroll            |     4 |     7 |     7 |     3 ||    21
       Potion            |     4 |     3 |     7 |       ||    14
 Stab: Distracted        |       |     1 |     1 |       ||     2
Armor: Leather armour    |    52 |     5 |       |       ||    57
       Scale mail        |       |    49 |   113 |    29 ||   191
Dodge: Dodged            |   107 |    65 |   195 |    56 ||   423
